 Dungeon Crawl Stone Soup version 0.30-a0-986-g7f2e898f52 (webtiles) character file.

Game seed: 7696787155962419586

1740 Orangeyouglad the Grave Robber (level 9, -26/61 (65) HPs)
             Began as a Human Necromancer on Apr 1, 2023.
             Was a Follower of Qazlal.
             Killed by an exploding wight (38 damage)
             ... ignited by their inner flame
             ... on level 6 of the Dungeon.
             The game lasted 00:25:26 (7451 turns).

Orangeyouglad the Grave Robber (Human Necromancer)  Turns: 7451, Time: 00:25:27

HP:   -26/61 (65)   AC: 12    Str: 10    XL:     9   Next: 26%
MP:   8/15          EV: 13    Int: 19    God:    Qazlal [*.....]
Gold: 296           SH:  1    Dex: 13    Spells: 5/16 levels left

rFire   . . .      SeeInvis .    o - +4 short sword (drain)
rCold   . . .      Faith    .    (no shield)
rNeg    . . .      Spirit   .    u - +2 leather armour {rPois}
rPois   +          Reflect  .    y - +0 helmet
rElec   .          Rampage  .    t - +0 cloak
rCorr   .                        z - +0 pair of gloves
Will    .....                    (no boots)
Stlth   +++                      (no amulet)
HPRegen 0.30/turn                B - ring of wizardry
MPRegen 0.14/turn                F - +4 ring of protection

@: drained
A: no striking features
a: Renounce Religion


You were on level 6 of the Dungeon.
You worshipped Qazlal.
Qazlal was aware of your devotion.
You visited 2 branches of the dungeon, and saw 8 of its levels.

You collected 316 gold pieces.
You spent 20 gold pieces at shops.

Inventory:

Hand Weapons
 o - a +4 short sword of draining (weapon)
Missiles
 g - 6 boomerangs
 l - 2 throwing nets
 E - 2 poisoned darts
Armour
 t - a +0 cloak (worn)
 u - a +2 leather armour of poison resistance (worn)
 y - a +0 helmet (worn)
 z - a +0 pair of gloves (worn)
Jewellery
 B - a ring of wizardry (left hand)
 F - a +4 ring of protection (right hand)
Scrolls
 b - a scroll of brand weapon {unknown}
 c - 4 scrolls of fog {unknown}
 h - 5 scrolls of butterflies
 i - a scroll of enchant weapon {unknown}
 m - 4 scrolls of blinking {unknown}
 n - 3 scrolls of teleportation
 q - a scroll of magic mapping {unknown}
 r - a scroll of poison
 w - a scroll of amnesia {unknown}
 x - 2 scrolls of acquirement {unknown}
 A - a scroll of vulnerability {unknown}
 C - 3 scrolls of fear {unknown}
 G - a scroll of identify
Potions
 a - 2 potions of haste
 d - a potion of flight {unknown}
 e - a potion of berserk rage {unknown}
 f - a potion of lignification {unknown}
 j - 4 potions of heal wounds {unknown}
 p - 2 potions of curing
 s - 2 potions of might {unknown}
 v - 2 potions of brilliance {unknown}


   Skills:
 + Level 4.0 Fighting
 + Level 6.1 Dodging
 - Level 5.0 Stealth
 - Level 4.0 Spellcasting
 + Level 7.0 Necromancy
 + Level 2.7 Earth Magic


You had 5 spell levels left.
You knew the following spells:

 Your Spells              Type           Power      Damage    Failure   Level
a - Necrotise             Necr           100%       1d9       1%          1
b - Vampiric Draining     Necr           30%        2d8       1%          3
c - Animate Dead          Necr           30%        N/A       4%          4
d - Stone Arrow           Conj/Erth      16%        3d8       13%         3

Your spell library contained the following spells:

 Spells                   Type           Power      Damage    Failure   Level
 Sandblast                Erth           28%        2d8       2%          1
 Passwall                 Tmut/Erth      6%         N/A       6%          2
 Magic Dart               Conj           12%        1d3       8%          1
 Searing Ray              Conj           6%         2d4       12%         2
 Agony                    Necr           30%        N/A       12%         5
 Borgnjor's Vile Clutch   Necr/Erth      11%        N/A       26%         5
 Fulminant Prism          Conj/Hex       1%         3d5       56%         4
 Death Channel            Necr           15%        N/A       52%         6


Dungeon Overview and Level Annotations

Branches:
Dungeon (7/15)             Temple (1/1) D:6

Altars:
Cheibriados
Elyvilon
Fedhas
Gozag
Hepliaklqana
Kikubaaqudgha
Makhleb
Nemelex Xobeh
Okawaru
Qazlal
Ru
Trog
Uskayaw
Vehumet
Wu Jian
Yredelemnul
Zin
The Shining One

Shops:
D:2 [   D:4 *

Annotations:
D:4 Grinder
D:7 Prince Ribbit


Message History

Unknown command.
Okay, then.
Okay, then.
The wight attacks as you move away! The wight barely misses you.
There is a radiant altar of Vehumet here.
Okay, then.
You aren't carrying any items that you can evoke.
Unknown command.
Press < or > to pray at altars.
Okay, then.
Okay, then.
You see here a +0 spear.
There is an open door, spattered with blood here.
Items here: )))) [.
You completely miss the wight.
The wight is lightly damaged.
The wight hits you with a +0 hand axe!
* * * LOW HITPOINT WARNING * * *
You feel drained.
* * * LOW HITPOINT WARNING * * *
You aren't carrying any items that you can evoke.
Unknown command.
Okay, then.
As you read the scroll labelled NUORPH ENONLITI, it crumbles to dust.
The creatures around you are filled with an inner flame!
It was a scroll of immolation.
The wight barely misses you.
Unknown command.
You hit the wight.
Flame seeps out of the wight.
The wight is moderately damaged.
The wight is engulfed in blazing flames.
Qazlal accepts your kill.
The wight explodes!
The fiery explosion engulfs something!!
Qazlal accepts your kill.
Reactivating autopickup.
You feel a bit more experienced.
The fiery explosion engulfs the wight!!
Qazlal accepts your kill. The fiery explosion engulfs you!!!
Ouch! That really hurt!
You die...

#.##.....##...........#
# #.......# ........#
#.......# ##......#
+..._...+ ####......#
#.......# #.......)##
#.......# #........#
##.§§§.## #........##
###○######........'.
#@###...........##
#...............##
#####........####
##########


There were no monsters in sight!

Vanquished Creatures
  A steam dragon (D:6)
  Menkaure (D:4)
  A sky beast (D:7)
  A centaur (D:7)
  2 phantoms (D:6)
  A bullfrog (D:6)
  A gnoll sergeant (D:4)
  5 scorpions
  4 wights
  A howler monkey (D:6)
  A gnoll bouda (D:6)
  3 jellies
  A hound (D:5)
  An orc priest (D:6)
  A sleepcap (D:7)
  2 iguanas
  Ijyb (D:3)
  An orc wizard (D:6)
  5 adders
  13 gnolls
  A white imp (D:7)
  2 ufetubi (D:7)
  3 gnoll zombies (D:6)
  3 worms
  A dart slug (D:2)
  18 orcs
  10 bats
  5 endoplasms
  A giant cockroach (D:3)
  7 goblins
  7 hobgoblins
  3 jackals (D:2)
  8 quokkas
  9 ball pythons
  A frilled lizard (D:1)
  10 kobolds
  3 rats
139 creatures vanquished.

Vanquished Creatures (collateral kills)
  3 gnolls
  2 goblins
  A ball python (D:2)
6 creatures vanquished.

Vanquished Creatures (others)
  5 gnoll zombies
  4 orc zombies
9 creatures vanquished.

Grand Total: 154 creatures vanquished

Notes
Turn   | Place    | Note
-------+----------+-------------------------------------------
     0 | D:1      | Orangeyouglad the Human Necromancer began the quest for the
                  | Orb.
     0 | D:1      | Reached XP level 1. HP: 13/13 MP: 3/3
   479 | D:1      | Reached XP level 2. HP: 19/19 MP: 1/5
  1423 | D:1      | Reached XP level 3. HP: 24/24 MP: 4/6
  1557 | D:2      | Found Kugh's Antique Armour Emporium.
  1562 | D:2      | Learned a level 3 spell: Vampiric Draining
  1780 | D:2      | Reached XP level 4. HP: 21/30 MP: 2/7
  2273 | D:3      | Found a basalt altar of Yredelemnul.
  2286 | D:3      | Found a burning altar of Makhleb.
  2289 | D:3      | Noticed Ijyb
  2311 | D:3      | Killed Ijyb
  2388 | D:3      | Reached XP level 5. HP: 32/35 MP: 4/9
  2427 | D:3      | Learned a level 4 spell: Animate Dead
  2637 | D:3      | Found an ornate altar of the Wu Jian Council.
  3430 | D:4      | Found Birphuots's General Store.
  3434 | D:4      | Bought a scroll of identify for 20 gold pieces
  3509 | D:4      | Reached XP level 6. HP: 24/41 MP: 5/10
  3557 | D:4      | Noticed Menkaure
  3610 | D:4      | Noticed Grinder
  3760 | D:4      | Killed Menkaure
  3761 | D:4      | Reached skill level 5 in Necromancy
  3761 | D:4      | Reached XP level 7. HP: 24/46 MP: 10/12
  4287 | D:4      | Grinder changed into Grinder the smoke demon
  4287 | D:4      | Noticed Grinder
  4426 | D:5      | Entered Level 5 of the Dungeon
  4563 | D:5      | Identified the +1 hand axe "Lihomoc" {drain, Int-2 Dex+3}
  5174 | D:5      | Reached skill level 1 in Fighting
  5174 | D:5      | Reached XP level 8. HP: 48/54 MP: 12/14
  5282 | D:6      | Found a staircase to the Ecumenical Temple.
  5341 | Temple   | Entered the Ecumenical Temple
  5500 | Temple   | Became a worshipper of Qazlal Stormbringer
  5554 | D:6      | Reached skill level 5 in Stealth
  5578 | D:6      | Reached skill level 5 in Dodging
  5578 | D:6      | Reached skill level 6 in Necromancy
  5837 | D:6      | Learned a level 3 spell: Stone Arrow
  6022 | D:7      | Reached skill level 1 in Earth Magic
  6347 | D:7      | Reached XP level 9. HP: 60/64 MP: 12/15
  7059 | D:7      | Noticed Prince Ribbit
  7282 | D:6      | Found a radiant altar of Vehumet.
  7298 | D:6      | Reached * piety under Qazlal
  7349 | D:6      | Reached skill level 7 in Necromancy
  7451 | D:6      | Killed by an exploding wight... ignited by their inner
                  | flame

Illustrated notes

Levels and vault maps discovered:
D:1:      heliophobic_arrival_henge, layout_basic
D:2:      layout_rooms, serial_shops, shop
D:3:      layout_basic, lemuel_round_altar, mainiacjoe_overflow_large_starburst,
          kennysheep_generic_room_2, uniq_ijyb
D:4:      layout_rooms, serial_shops, nicolae_shop_hallway_stairs,
          uniq_menkaure, uniq_grinder
D:5:      layout_loops_cross, kennysheep_generic_room_12
D:6:      layout_basic, nicolae_vehumet_altar_sigil,
          minmay_temple_entry_statues_fountains
D:7:      layout_layer_cave, nicolae_sif_muna_little_library,
          uniq_prince_ribbit1
Temple:   eino_narrow_crystal_temple

Skill      XL: |  1  2  3  4  5  6  7  8  9 |
---------------+----------------------------+-----
Stealth        | 3 4 5 |  5.0
Dodging        | 3 4 5 6 |  6.1
Spellcasting   | 3 4 |  4.0
Necromancy     | 5 6 7 |  7.0
Fighting       | 1 3 4 |  4.0
Earth Magic    | 1 2 |  2.7

Action                     |  1- 3 |  4- 6 |  7- 9 || total
---------------------------+-------+-------+-------++-------
  Melee: Dagger            |    32 |       |       ||    32
         Short sword       |    10 |    69 |   126 ||   205
  Throw: Boomerang         |     3 |       |       ||     3
   Cast: Necrotise         |    47 |    49 |    46 ||   142
         Vampiric Draining |       |     1 |    18 ||    19
         Animate Dead      |       |       |     5 ||     5
         Stone Arrow       |       |       |    22 ||    22
  Evoke: Wand              |       |     2 |    24 ||    26
    Use: Scroll            |       |     4 |     3 ||     7
         Potion            |       |       |     2 ||     2
   Stab: Sleeping          |     2 |     2 |     2 ||     6
         Distracted        |     1 |       |       ||     1
         Invisible         |       |     2 |       ||     2
 Armour: Leather armour    |    14 |    32 |    86 ||   132
         Skin              |       |    13 |       ||    13
  Dodge: Dodged            |    47 |    53 |   168 ||   268

Table legend: (Time is in decaauts)
 A = Elapsed time spent in this place.
 B = Non-inter-level travel time spent in this place.
 C = Inter-level travel time spent in this place.
 D = Time resting spent in this place.
 E = Time spent auto-exploring this place.
 F = Levels seen in this place.
 G = Mean time per level.
                   A        B        C        D        E       F      G
               +--------+--------+--------+--------+--------+-----+--------+
         Total |   7452 |   7036 |    416 |    977 |   4101 |   8 |  931.5 |
       Dungeon |   7272 |   6886 |    386 |    977 |   3987 |   7 | 1038.9 |
        Temple |    180 |    150 |     30 |      0 |    114 |   1 |  180.0 |
               +--------+--------+--------+--------+--------+-----+--------+

Top non-repeatable levels by time:
     D:1: 1542 daAuts
     D:3: 1286 daAuts
     D:7: 1194 daAuts
     D:5: 919 daAuts
     D:4: 892 daAuts
     D:6: 730 daAuts
     D:2: 706 daAuts
  Temple: 180 daAuts
